 Dungeon Crawl Stone Soup version 0.29-a0-330-g52719c12eb (webtiles) character file.

Game seed: 15889057057875985191

519 HoaS the Quickloader (level 7, -10/41 HPs)
             Began as a Kobold Hunter on May 22, 2022.
             Mangled by Menkaure (18 damage)
             ... on level 4 of the Dungeon.
             The game lasted 00:08:57 (4626 turns).

HoaS the Quickloader (Kobold Hunter)                Turns: 4626, Time: 00:08:57

Health: -10/41     AC:  4    Str:  8    XL:     7   Next: 45%
Magic:  7/7        EV: 15    Int: 10    God:
Gold:   269        SH:  0    Dex: 21    Spells: 6/6 levels left

rFire   . . .      SeeInvis .   a - +2 hand crossbow
rCold   . . .      Faith    .   (no shield)
rNeg    . . .      Spirit   .   b - +0 leather armour
rPois   .          Reflect  .   j - +0 helmet
rElec   .          Harm     .   (no cloak)
rCorr   .          Rampage  .   (no gloves)
Will    .....                   (no boots)
Stlth   ++........              e - amulet of regeneration
HPRegen 0.93/turn               (no ring)
MPRegen 0.10/turn               (no ring)

@: silenced
A: small, no large weapons, nightstalker 3
a: no special abilities


You were on level 4 of the Dungeon.
You visited 1 branch of the dungeon, and saw 4 of its levels.

You collected 269 gold pieces.

Inventory:

Hand Weapons
 a - a +2 hand crossbow (weapon)
Armour
 b - a +0 leather armour (worn)
 j - a +0 helmet (worn)
Jewellery
 e - an amulet of regeneration (around neck)
Wands
 k - a wand of polymorph (1)
Scrolls
 c - 2 scrolls of immolation
 d - 2 scrolls of teleportation
 g - a scroll of fog
Potions
 f - a potion of ambrosia
 i - a potion of mutation
 l - a potion of might {unknown}


   Skills:
 * Level 3.5 Fighting
 - Level 10.0 Crossbows
 + Level 3.2 Dodging
 + Level 2.9 Stealth


You had 6 spell levels left.
You didn't know any spells.
Your spell library contained the following spells:

 Spells                   Type           Power      Damage    Failure   Level
 Foxfire                  Conj/Fire      0%         2x1d4     50%         1
 Sublimation of Blood     Necr           0%         N/A       63%         2
 Wereblood                Tmut           0%         N/A       63%         2
 Conjure Flame            Conj/Fire      0%         6-21      86%         3
 Inner Flame              Hex/Fire       0%         N/A       86%         3
 Portal Projectile        Hex/Tloc       0%         N/A       86%         3
 Summon Guardian Golem    Hex/Summ       0%         N/A       86%         3
 Flame Wave               Conj/Fire      0%         2d4       99%         4
 Blade Hands              Tmut           0%         N/A       100%        5
 Excruciating Wounds      Necr           0%         N/A       100%        5
 Orb of Destruction       Conj           0%         9d5       100%        7
 Spellforged Servitor     Conj/Summ      0%         N/A       100%        7
 Summon Hydra             Summ           0%         N/A       100%        7


Dungeon Overview and Level Annotations

Branches:
Dungeon (4/15)
 Temple: D:4-7

Altars:

Annotations:
D:3 Grinder
D:4 Menkaure


Innate Abilities, Weirdness & Mutations

You are small and have problems with some larger weapons.
You are completely attuned to the shadows.


Message History

There is an open door here.
You open the door.
There is an open door, spattered with blood here.
You see here a +0 club.
Items here: ))) [.
There is a stone staircase leading up here.
Menkaure calls on the powers of darkness!
Your body is wracked with pain!
As you read the scroll of silence, it crumbles to dust.
A profound silence engulfs you.
Shoot: a) +2 hand crossbow
Press: ? - help, Q - select action, (/) - cycle Shift-Dir - straight line, f - Menkaure
Aim: Menkaure (silenced, moderately damaged, 81% to hit)
You shoot a bolt. The bolt closely misses Menkaure.
Shoot: a) +2 hand crossbow
Press: ? - help, Q - select action, (/) - cycle Shift-Dir - straight line, f/p - Menkaure
Aim: Menkaure (silenced, moderately damaged, 81% to hit)
You shoot a bolt. The bolt hits Menkaure.
Menkaure is moderately damaged.
Menkaure hits you!
Shoot: a) +2 hand crossbow
Press: ? - help, Q - select action, (/) - cycle Shift-Dir - straight line, f/p - Menkaure
Aim: Menkaure (silenced, moderately damaged, 81% to hit)
You shoot a bolt. The bolt completely misses Menkaure.
Menkaure hits you!
* * * LOW HITPOINT WARNING * * *
Shoot: a) +2 hand crossbow
Press: ? - help, Q - select action, (/) - cycle Shift-Dir - straight line, f/p - Menkaure
Aim: Menkaure (silenced, moderately damaged, 81% to hit)
You shoot a bolt. The bolt hits Menkaure.
Menkaure is heavily damaged.
Menkaure hits you.
* * * LOW HITPOINT WARNING * * *
Shoot: a) +2 hand crossbow
Press: ? - help, Q - select action, (/) - cycle Shift-Dir - straight line, f/p - Menkaure
Aim: Menkaure (silenced, heavily damaged, 81% to hit)
You shoot a bolt. The bolt hits Menkaure.
Menkaure is severely damaged.
Menkaure hits you!!
You die...

≈≈.≈....# ####..................
...≈....####.##..................
≈≈≈≈.........##.......#..........
..............##.#....##.........
###......###.######..##.....###..
##..#.####....##....###....###.
##..####......................
###.........................##.#
##......###.....@.<.........##...
........##.....M................#
........#...............#.......#
........................#.....###
..............##..[.....#..#.###.
.............###...........#.....
##..>........##..................
........#...##.............#.....
........##.................#.....


You could see Menkaure.

Vanquished Creatures
  Sigmund (D:2)
  A scorpion (D:4)
  3 hounds (D:4)
  Natasha (D:3)
  An orc wizard (D:4)
  Robin (D:3)
  A gnoll (D:4)
  2 adders (D:2)
  A white imp (D:3)
  2 worms
  6 orcs
  9 endoplasms
  4 giant cockroaches
  18 goblins
  9 hobgoblins
  5 jackals (D:2)
  2 quokkas
  8 ball pythons
  13 bats
  A frilled lizard (D:1)
  8 kobolds
  6 rats
103 creatures vanquished.

Vanquished Creatures (others)
  4 toadstools (D:1)
4 creatures vanquished.

Grand Total: 107 creatures vanquished

Notes
Turn   | Place    | Note
-------+----------+-------------------------------------------
     0 | D:1      | HoaS the Kobold Hunter began the quest for the Orb.
     0 | D:1      | Reached XP level 1. HP: 12/12 MP: 1/1
    79 | D:1      | Reached XP level 2. HP: 17/17 MP: 2/2
    97 | D:1      | Reached skill level 6 in Crossbows
   233 | D:1      | Reached XP level 3. HP: 21/21 MP: 3/3
   455 | D:1      | Found a faded altar of an unknown god.
   983 | D:1      | Reached skill level 7 in Crossbows
  1033 | D:2      | Reached XP level 4. HP: 26/26 MP: 4/4
  1126 | D:2      | Noticed Sigmund
  1754 | D:3      | Noticed Grinder
  2117 | D:3      | Reached XP level 5. HP: 30/30 MP: 5/5
  2271 | D:3      | Noticed Robin
  2284 | D:3      | Reached skill level 8 in Crossbows
  2305 | D:3      | Killed Robin
  2330 | D:3      | Found the +5 robe of Misfortune {Harm *Corrode *Slow EV+5}
  2572 | D:3      | Noticed Natasha
  2574 | D:3      | Killed Natasha
  3801 | D:2      | Killed Sigmund
  3802 | D:2      | Reached skill level 9 in Crossbows
  3802 | D:2      | Reached XP level 6. HP: 24/35 MP: 6/6
  3881 | D:4      | Reached skill level 10 in Crossbows
  3958 | D:4      | Reached XP level 7. HP: 29/40 MP: 7/7
  4169 | D:4      | Noticed Menkaure
  4626 | D:4      | Mangled by Menkaure

Illustrated notes

Levels and vault maps discovered:
D:1:      ldierk_walled_garden_2, layout_loops_cross,
          ebering_ecumenical_altar_sacrificial, minmay_pentomino_o4
D:2:      layout_basic, uniq_sigmund
D:3:      layout_basic, minivault_26, uniq_robin, uniq_natasha, uniq_grinder
D:4:      layout_cave_pools, mainiacjoe_overflow_concentric_impassable,
          cheibrodos_gnoll_hut, uniq_menkaure

Skill      XL: |  1  2  3  4  5  6  7 |
---------------+----------------------+-----
Crossbows      | 6 7 9 10 | 10.0
Stealth        | 2 |  2.9
Fighting       | 3 |  3.5
Dodging        | 3 |  3.2

Action                   |  1- 3 |  4- 6 |  7- 9 || total
-------------------------+-------+-------+-------++-------
Melee: Unarmed           |       |     7 |       ||     7
       Hand crossbow     |       |     1 |       ||     1
 Fire: Hand crossbow     |    93 |   168 |    43 ||   304
  Use: Scroll            |     3 |     2 |     6 ||    11
       Potion            |       |     2 |       ||     2
Armor: Leather armour    |     9 |    18 |     4 ||    31
Dodge: Dodged            |    44 |    58 |     9 ||   111

Table legend: (Time is in decaauts)
 A = Elapsed time spent in this place.
 B = Non-inter-level travel time spent in this place.
 C = Inter-level travel time spent in this place.
 D = Time resting spent in this place.
 E = Time spent auto-exploring this place.
 F = Levels seen in this place.
 G = Mean time per level.
                   A        B        C        D        E       F      G
               +--------+--------+--------+--------+--------+-----+--------+
         Total |   4682 |   4538 |    144 |   1063 |   2832 |   4 | 1170.5 |
       Dungeon |   4682 |   4538 |    144 |   1063 |   2832 |   4 | 1170.5 |
               +--------+--------+--------+--------+--------+-----+--------+

Top non-repeatable levels by time:
     D:1: 1846 daAuts
     D:3: 1193 daAuts
     D:2: 890 daAuts
     D:4: 751 daAuts
